 Dungeon Crawl Stone Soup version 0.27.0-1-g7a089689b8 (webtiles) character file.

Game seed: 6264604205715529297

131 Crownlay the Skirmisher (level 4, 0/45 HPs)
             Began as a Minotaur Berserker on Aug 12, 2021.
             Was a Believer of Trog.
             Slain by a steam dragon (1 damage)
             ... on level 4 of the Dungeon.
             The game lasted 00:03:58 (2179 turns).

Crownlay the Skirmisher (Minotaur Berserker)        Turns: 2179, Time: 00:04:00

Health: 0/45       AC:  2    Str: 22    XL:     4   Next: 91%
Magic:  3/3        EV: 12    Int:  4    God:    Trog [**....]
Gold:   146        SH:  0    Dex: 10    Spells: 3/3 levels left

rFire    . . .     SeeInvis .   a - +0 hand axe
rCold    . . .     Faith    .   (no shield)
rNeg     . . .     Spirit   .   b - +0 animal skin
rPois    .         Reflect  .   (helmet restricted)
rElec    .         Harm     .   (no cloak)
rCorr    .         Rampage  .   (no gloves)
Will     .....                  (no boots)
Stlth    +.........             (no amulet)
HPRegen  0.15/turn              (no ring)
MPRegen  0.08/turn              (no ring)

@: no status effects
A: horns 2, retaliatory headbutt
a: Renounce Religion, Berserk, Trog's Hand


You were on level 4 of the Dungeon.
You worshipped Trog.
Trog was pleased with you.
You visited 1 branch of the dungeon, and saw 4 of its levels.

You collected 146 gold pieces.

Inventory:

Hand Weapons
 a - a +0 hand axe (weapon)
Missiles
 k - 5 poisoned darts (quivered)
Armour
 b - a +0 animal skin (worn)
Jewellery
 g - an amulet of magic regeneration
Scrolls
 c - 2 scrolls of blinking {unknown}
 e - 3 scrolls of fear {unknown}
 f - a scroll of vulnerability {unknown}
 h - a scroll of teleportation {unknown}
 i - 2 scrolls of identify {unknown}
 j - a scroll of fog {unknown}
 m - 2 scrolls of immolation {unknown}
 p - a scroll of noise {unknown}
 t - a scroll of holy word {unknown}
Potions
 d - 2 potions of attraction {unknown}
 l - a potion of curing {unknown}
 n - a potion of ambrosia {unknown}
 o - a potion of haste {unknown}
 q - 2 potions of might {unknown}
 r - a potion of brilliance {unknown}
 s - 2 potions of flight {unknown}


   Skills:
 + Level 6.8 Fighting
 - Level 3.6 Axes
 - Level 2.4 Armour
 - Level 2.1 Dodging


You had 3 spell levels left.
You didn't know any spells.
Your spell library was empty.

Dungeon Overview and Level Annotations

Branches:
Dungeon (4/15)
 Temple: D:4-7

Altars:


Innate Abilities, Weirdness & Mutations

You have a pair of horns on your head.
You reflexively headbutt those who attack you in melee.


Message History

The jackal bites you but does no damage.
You slash the jackal!
You kill the jackal!
Trog accepts your kill.
HP restored.
e - 3 scrolls labelled NUVAXYDIHE (gained 2)
You see here a jackal corpse.
Things that are here:
a jackal corpse; a jackal corpse
t - a scroll labelled ZIWUSAE SAEL You now have 146 gold pieces (gained 15).
Found 4 large rocks.
You see here 4 large rocks.
d - 2 cyan potions (gained 1)
You open the door.
A steam dragon comes into view.
Found a stone staircase leading down.
The steam dragon hisses angrily.
The steam dragon breathes steam at you. The ball of steam hits you!
There is an open door here.
No target in view!
No target in view!
You slash the steam dragon! Your headbutt misses the steam dragon.
The steam dragon is moderately wounded.
The steam dragon bites you. The steam dragon claws you.
You barely miss the steam dragon.
The steam dragon is moderately wounded.
The steam dragon breathes steam at you. The ball of steam hits you!
* * * LOW HITPOINT WARNING * * *
You hear an angry hiss.
You hit the steam dragon. You headbutt the steam dragon.
The steam dragon is heavily wounded.
You are engulfed in a cloud of scalding steam.
* * * LOW HITPOINT WARNING * * *
The steam dragon barely misses you. The steam dragon claws you.
* * * LOW HITPOINT WARNING * * *
The steam dragon bites you.
You die...

.......##.# ##.##
#...#.# #.###..# .# #.#
##.#.## # #..# # #.#
#.### ...# ##+# #.#
###.# ##...## #.# ..#
##.....## ##.#
.#.....§.## ##.(#
....>..§..####...#####
.......@..'............
#......D..####...######
##....§§.## #..##
##.....## #.## ##...##
#.# ##+# #.# #.# #.#
#.#


You could see a steam dragon.

Vanquished Creatures
  2 orc wizards (D:2)
  2 adders (D:2)
  2 worms
  4 dart slugs (D:3)
  An orc (D:2)
  4 ball pythons
  A bat (D:3)
  4 endoplasms
  4 giant cockroaches
  5 goblins
  A hobgoblin (D:1)
  3 jackals (D:4)
  2 quokkas
  2 frilled lizards (D:2)
  6 kobolds
  7 rats
50 creatures vanquished.

Notes
Turn   | Place    | Note
-------+----------+-------------------------------------------
     0 | D:1      | Crownlay the Minotaur Berserker began the quest for the
                  | Orb.
     0 | D:1      | Reached XP level 1. HP: 19/19 MP: 0/0
   138 | D:1      | Reached skill level 4 in Fighting
   354 | D:1      | Reached XP level 2. HP: 24/28 MP: 1/1
   531 | D:1      | Found a faded altar of an unknown god.
   842 | D:2      | Reached skill level 5 in Fighting
   912 | D:2      | Reached XP level 3. HP: 36/36 MP: 2/2
   949 | D:2      | Reached skill level 6 in Fighting
   949 | D:2      | Reached XP level 4. HP: 33/44 MP: 3/3
   949 | D:2      | Reached ** piety under Trog
  2172 | D:4      | Noticed a steam dragon
  2179 | D:4      | HP: 1/45 [steam dragon (3)]
  2179 | D:4      | Slain by a steam dragon

Illustrated notes

Levels and vault maps discovered:
D:1:      minmay_arrival_glassed_features, layout_loops_ring,
          shapermc_ecumenical_altar_mp_highgroup
D:2:      layout_basic, grunt_decor_one_mirror
D:3:      layout_rooms
D:4:      layout_loops_corners, uniq_duvessa

Skill      XL: |  1  2  3 |
---------------+----------+-----
Fighting       | 4 5 6 |  6.8
Axes           | |  3.6
Armour         | |  2.4
Dodging        | |  2.1

Action                   |  1- 3 |  4- 6 || total
-------------------------+-------+-------++-------
Melee: Hand axe          |    55 |    48 ||   103
       Headbutt          |     6 |     7 ||    13
Invok: Berserk           |     1 |       ||     1
 Stab: Sleeping          |       |     1 ||     1
Armor: Animal skin       |     9 |     7 ||    16
Dodge: Dodged            |    33 |    29 ||    62
